 Dungeon Crawl Stone Soup version 0.31-a0-819-gf6de2f5ab6 (webtiles) character file.

Game seed: 18101889972903099509

46 Shayle the Vexing (level 3, 0/36 HPs)
             Began as an Ogre Hexslinger on Sept 23, 2023.
             Succumbed to Terence's poison
             ... on level 2 of the Dungeon.
             The game lasted 00:02:14 (1260 turns).

Shayle the Vexing (Ogre Hexslinger)                 Turns: 1260, Time: 00:02:15

Health: 0/36       AC:  3    Str: 12    XL:     3   Next: 68%
Magic:  6/6        EV: 10    Int: 16    God:
Gold:   67         SH:  0    Dex: 11    Spells: 3/6 levels left

rFire   . . .        a - +1 sling
rCold   . . .        (no shield)
rNeg    . . .        c - +0 robe
rPois   .            (helmet restricted)
rElec   .            (no cloak)
rCorr   .            (gloves unavailable)
SInv    .            (boots unavailable)
Will    +....        (no amulet)
Stlth   +            (no ring)
HPRegen 0.26/turn    (no ring)
MPRegen 0.10/turn

%: no passive effects
@: mighty, brilliant, lethally poisoned (0 -> -11), enlightened, flying
A: large, unfitting armour, tough skin 1
a: no special abilities


You were on level 2 of the Dungeon.
You visited 1 branch of the dungeon, and saw 2 of its levels.

You collected 67 gold pieces.

Inventory:

Hand Weapons
 a - a +1 sling (weapon)
Armour
 c - a +0 robe (worn)
Scrolls
 b - a scroll of poison
 e - a scroll of teleportation {unknown}
 f - a scroll of identify {unknown}
 i - a scroll of fog {unknown}
 j - a scroll of vulnerability {unknown}
Potions
 d - a potion of enlightenment


   Skills:
 + Level 2.5 Fighting
 - Level 1.3 Ranged Weapons
 - Level 1.7 Dodging
 + Level 2.1 Spellcasting
 + Level 0.3 Conjurations
 - Level 2.6 Hexes
 - Level 1.4 Fire Magic
 + Level 0.3 Earth Magic
 + Level 1.3 Invocations


You had 3 spell levels left.
You knew the following spells:

 Your Spells              Type           Power      Damage    Failure   Level
a - Stone Arrow           Conj/Erth      8%         3d7       47%         3

Your spell library contained the following spells:

 Spells                   Type           Power      Damage    Failure   Level
 Jinxbite                 Hex            30%        N/A       11%         2
 Magic Dart               Conj           16%        1d3       19%         1
 Sandblast                Erth           8%         2d5       19%         1
 Sigil of Binding         Hex            15%        N/A       21%         3
 Inner Flame              Hex/Fire       12%        N/A       26%         3
 Passwall                 Tmut/Erth      2%         N/A       28%         2
 Call Imp                 Summ           4%         N/A       30%         2
 Mephitic Cloud           Conj/Pois/Air  3%         N/A       52%         3
 Cause Fear               Hex            7%         N/A       56%         4
 Dimensional Bullseye     Hex/Tloc       4%         N/A       75%         4
 Brom's Barrelling Bould  Conj/Erth      4%         2d3       87%         4


Dungeon Overview and Level Annotations

Branches:
Dungeon (2/15)

Altars:

Annotations:
D:2 Terence


Innate Abilities, Weirdness & Mutations

You are too large for most types of armour.
You have tough skin. (AC +1)


Message History

You shoot a sling bullet. The sling bullet barely misses Terence.
Terence bares his teeth.
You shoot a sling bullet.
The sling bullet closely misses Terence.
You shoot a sling bullet. The sling bullet barely misses Terence.
You shoot a sling bullet.
The sling bullet closely misses Terence.
Terence hits you with a +0 hand axe of venom!
You are poisoned.
Terence closely misses you.
You shoot a sling bullet. The sling bullet barely misses Terence.
You feel very sick. Terence completely misses you.
It was a potion of enlightenment.
You feel very buoyant.
You fly up into the air.
You feel very sick. Terence closely misses you.
You aren't carrying any items that you can evoke.
It was a potion of brilliance.
You feel clever all of a sudden.
You feel sick.
Terence hits you with a +0 hand axe of venom!
You are lethally poisoned!
It was a potion of might.
You feel very mighty all of a sudden.
* * * LOW HITPOINT WARNING * * *
You feel very sick. Terence closely misses you.
Okay, then.
You aren't carrying any items that you can evoke.
Unknown command.
You shoot a sling bullet.
The sling bullet hits Terence but does no damage.
* * * LOW HITPOINT WARNING * * *
You feel very sick. Terence closely misses you.
You shoot a sling bullet. The sling bullet hits Terence.
Terence is moderately wounded.
You die...

...####.# .# ########.##.####
#..## ##.#. #............>..
#.. #.#.##.######.##.###. #..#
#....#.# #.##.# #. #..#
#....#.# #.##.# ## #..# #
####....#.## ###.##.#
#..###.##.........# #...##.#
#.#................# #.####>#
#.# #.#####....@@†?.# #.# #.#
.## ##...........#.## #.# #[#
#.###.########...#.####.####.#
##.#.## #...#...<....†..#
##.## #..........###### #.#
#.###...#..# #.# #.#
###.#..######### #.####### #.#
#[#........... #.†<....# #.#
#.#.##########


You could see Terence.

Vanquished Creatures
  An adder (D:2)
  A worm (D:2)
  4 ball pythons
  4 bats
  2 endoplasms
  2 giant cockroaches
  A goblin (D:1)
  5 hobgoblins
  4 jackals (D:1)
  2 quokkas (D:2)
  4 rats
30 creatures vanquished.

Notes
Turn   | Place    | Note
-------+----------+-------------------------------------------
     0 | D:1      | Shayle the Ogre Hexslinger began the quest for the Orb.
     0 | D:1      | Reached XP level 1. HP: 19/19 MP: 2/2
    46 | D:1      | Reached skill level 1 in Fire Magic
    98 | D:1      | Found a faded altar of an unknown god.
   120 | D:1      | Reached XP level 2. HP: 28/28 MP: 2/4
   403 | D:1      | Reached skill level 1 in Invocations
   803 | D:2      | Noticed Terence
   859 | D:2      | Reached XP level 3. HP: 35/35 MP: 5/5
   982 | D:2      | Learned a level 3 spell: Stone Arrow
  1260 | D:2      | Succumbed to Terence's poison

Illustrated notes

Levels and vault maps discovered:
D:1:      nzn_arrival_settlement, layout_basic,
          ebering_ecumenical_altar_sacrificial, minmay_liquid_box
D:2:      layout_loops_ring, uniq_jessica, uniq_sigmund, uniq_terence

Skill      XL: |  1  2  3 |
---------------+----------+-----
Fire Magic     | 1 |  1.4
Fighting       | 2 |  2.5
Invocations    | 1 |  1.3
Spellcasting   | 2 |  2.1
Ranged Weapons | |  1.3
Dodging        | |  1.7
Conjurations   | |  0.3
Hexes          | |  2.6
Earth Magic    | |  0.3

Action                     || total
---------------------------++-------
   Fire: Sling             ||   106
    Use: Potion            ||     3
 Armour: Robe              ||    44
  Dodge: Dodged            ||    40

Table legend: (Time is in decaauts)
 A = Elapsed time spent in this place.
 B = Non-inter-level travel time spent in this place.
 C = Inter-level travel time spent in this place.
 D = Time resting spent in this place.
 E = Time spent auto-exploring this place.
 F = Levels seen in this place.
 G = Mean time per level.
                   A        B        C        D        E       F      G
               +--------+--------+--------+--------+--------+-----+--------+
         Total |   1294 |   1269 |     25 |      0 |    979 |   2 |  647.0 |
       Dungeon |   1294 |   1269 |     25 |      0 |    979 |   2 |  647.0 |
               +--------+--------+--------+--------+--------+-----+--------+

Top non-repeatable levels by time:
     D:1: 810 daAuts
     D:2: 484 daAuts
